 Dungeon Crawl Stone Soup version 0.25-a0-701-gb30f108f01 (webtiles) character file.

Game seed: 15096140034346985143, levelgen mode: deterministic

4475 Hastur the Jinx (level 10, -2/76 HPs)
             Began as a Vampire Conjurer on Apr 3, 2020.
             Was an Initiate of Gozag.
             Slain by an orc knight
             ... wielding a +0 glaive
              (26 damage)
             ... in a bailey.
             The game lasted 00:40:15 (9288 turns).

Hastur the Jinx (Vampire Conjurer)                  Turns: 9288, Time: 00:40:15

Health: -2/76      AC:  7    Str:  7    XL:     10   Next: 15%
Magic:  11/17      EV: 14    Int: 20    God:    Gozag
Gold:   842        SH:  0    Dex: 16    Spells: 9/19 levels left

rFire    . . .     SeeInvis +   a - +2 dagger (elec)
rCold    . . .     Gourm    .   (no shield)
rNeg     + . .     Faith    .   w - +0 leather armour
rPois    +         Spirit   .   k - +0 helmet
rElec    .         Reflect  .   o - +0 cloak
rCorr    .         Harm     .   C - +1 pair of gloves
MR       +....                  (no boots)
Stlth    ++........             (no amulet)
HPRegen  0.42/turn              l - ring of positive energy
MPRegen  0.15/turn              K - ring of poison resistance

@: regenerating quickly
A: no food, fangs 3, see invisible, unbreathing
a: Exsanguinate, Potion Petition, Call Merchant, Bribe Branch, Renounce Religion


You were in a bailey.
You worshipped Gozag.
Gozag was pleased with you.
You were alive.

You visited 2 branches of the dungeon, and saw 9 of its levels.
You also visited: Bailey.

You collected 1108 gold pieces.
You spent 171 gold pieces at shops.
You paid 95 gold pieces to Gozag.

Inventory:

Hand Weapons
 a - a +2 dagger of electrocution (weapon)
 b - a +8 hunting sling of flaming
 c - a +0 short sword
Missiles
 d - 17 sling bullets
 s - 10 poisoned darts (quivered)
 y - 324 stones
Armour
 i - a +0 ring mail
 k - a +0 helmet (worn)
 o - a +0 cloak (worn)
 w - a +0 leather armour (worn)
 C - a +1 pair of gloves (worn)
Jewellery
 l - a ring of positive energy (left hand)
 z - an uncursed ring of stealth
 B - an uncursed ring of wizardry
 K - a ring of poison resistance (right hand)
Wands
 E - a wand of flame (18)
 H - a wand of paralysis (5)
 L - a wand of polymorph (5)
 N - a wand of digging (12)
Scrolls
 e - 6 scrolls of remove curse
 f - a scroll of amnesia
 g - a scroll of fear
 h - a scroll of fog
 t - 3 scrolls of teleportation
 A - 2 scrolls of enchant armour
 D - a scroll of enchant weapon {unknown}
 F - a scroll of immolation {unknown}
 J - a scroll of blinking
 M - a scroll of magic mapping {unknown}
Potions
 m - a potion of invisibility
 n - a potion of ambrosia
 p - a potion of mutation
 q - 2 potions of haste
 r - 3 potions of curing
 u - a potion of magic
 x - a potion of stabbing
 G - a potion of lignification {unknown}
 I - a potion of flight {unknown}


   Skills:
 + Level 6.3 Fighting
 - Level 5.0 Dodging
 - Level 3.0 Stealth
 - Level 5.0 Spellcasting
 - Level 5.0 Conjurations
 + Level 13.5 Hexes


You had 9 spell levels left.
You knew the following spells:

 Your Spells              Type           Power        Failure   Level  Hunger
a - Magic Dart            Conj           ####         2%          1    N/A
b - Searing Ray           Conj           ####..       3%          2    N/A
c - Dazzling Flash        Conj/Hex       #####.       1%          3    N/A
d - Fulminant Prism       Conj/Hex       #####.....   3%          4    N/A

Your spell library contained the following spells:

 Spells                   Type           Power        Failure   Level  Hunger
 Animate Skeleton         Necr           N/A          17%         1    N/A
 Pain                     Necr           #...         17%         1    N/A
 Vampiric Draining        Necr           #.........   45%         3    N/A
 Iskenderun's Mystic Bla  Conj/Tloc      ###.....     52%         4    N/A
 Animate Dead             Necr           N/A          86%         4    N/A
 Agony                    Necr           #.......     99%         5    N/A

Dungeon Overview and Level Annotations

Branches:
Dungeon (8/15)             Temple (1/1) D:4          Bailey (1/1)
   Lair: D:8-11

Altars:
Ashenzari
Cheibriados
Dithmenos
Elyvilon
Fedhas
Gozag
Hepliaklqana
Kikubaaqudgha
Makhleb
Nemelex Xobeh
Okawaru
Qazlal
Ru
Sif Muna
Trog
Uskayaw
Vehumet
Wu Jian
Xom
Yredelemnul
The Shining One

Shops:
D:7 (?=%*

Annotations:
D:3 2 transporters, Grinder


Innate Abilities, Weirdness & Mutations

You do not eat.
Your natural rate of healing is unusually fast.
You have razor-sharp teeth.
You have supernaturally acute eyesight. (SInv)
You can survive without breathing.


Message History

The orc knight hits you from afar with a +0 glaive!!
* * * LOW HITPOINT WARNING * * *
Unknown command.
Things that are here:
a poisoned dart; a +0 robe You see here a poisoned dart.
You see here a poisoned dart.
You see here a poisoned dart.
You see here a poisoned dart.
Things that are here:
a +3 trident; a +0 plate armour You see here 2 poisoned darts.
Things that are here:
a poisoned dart; a +0 robe You see here a poisoned dart.
You see here a poisoned dart.
You see here a poisoned dart.
The orc knight hits you from afar with a +0 glaive!!
You die...
Your body crumbles into a pile of gold.

.#############+###'#########.≈.#
.##.....##.....(.(.##.....##.≈.#
..##...'#§.≈≈≈§≈§§§§##...##..≈.#
≈..## ##.§≈≈...$$§≈..##.##..≈≈.#
≈≈..# #..≈≈..⌠∩⌠(.§§..#'#.)≈≈.∩#
≈≈).# #..≈≈...⌠...≈§..#'#..≈≈.##
≈..## ##..≈≈.....§≈..'#.##..≈≈.#
).## $ ##..≈≈≈≈≈≈§o.##...##..≈.#
.##.$$$.##....()@(.##.....##.≈.#
.####### #####+#############.≈.#
..##### ##..........≈.#
≈≈≈≈≈≈####### ##..≈≈≈≈≈≈≈≈≈≈.#
.......##...## ##..≈≈..........#
#####.##..≈..###..≈≈..##########
##...##...≈≈.....≈≈..##
..#######..≈≈≈≈≈≈≈..## ###
##.........##


You could see an orc knight.

Vanquished Creatures
  An orc knight (Bailey)
  Joseph (D:7)
  2 hippogriffs (D:7)
  Menkaure (D:6)
  8 orc warriors
  2 ice beasts
  A hornet zombie (D:6)
  2 sky beasts
  7 ogres
  2 phantoms
  A centaur (D:6)
  2 big kobolds (D:7)
  2 bullfrogs
  2 scorpions
  3 howler monkeys (D:6)
  2 centaur skeletons
  3 orc priests
  5 hounds
  5 orc wizards
  Terence (D:2)
  Ijyb (D:3)
  3 worker ants
  2 gnolls (D:8)
  4 adders
  A shadow imp (D:6)
  A worm (D:2)
  2 dart slugs (D:2)
  A leopard gecko (D:4)
  22 orcs
  3 giant cockroaches
  11 goblins
  8 hobgoblins
  3 jackals (D:3)
  15 kobolds
  4 quokkas
  3 bats
  A frilled lizard (D:2)
  A jackal skeleton (D:5)
  A quokka zombie (D:6)
  4 rats
144 creatures vanquished.

Vanquished Creatures (others)
  16 fulminant prisms
16 creatures vanquished.

Grand Total: 160 creatures vanquished

Notes
Turn   | Place    | Note
-------+----------+-------------------------------------------
     0 | D:1      | Hastur the Vampire Conjurer began the quest for the Orb.
     0 | D:1      | Reached XP level 1. HP: 13/13 MP: 3/3
   433 | D:1      | Reached skill level 1 in Fighting
   433 | D:1      | Reached XP level 2. HP: 21/21 MP: 1/5
   780 | D:2      | Noticed Terence
   813 | D:1      | Learned a level 2 spell: Searing Ray
  1148 | D:2      | Reached XP level 3. HP: 26/26 MP: 1/6
  1234 | D:2      | Found an ornate altar of the Wu Jian Council.
  1695 | D:2      | Found a burning altar of Makhleb.
  1702 | D:2      | Reached XP level 4. HP: 23/33 MP: 0/7
  1951 | D:2      | Killed Terence
  1994 | D:2      | Learned a level 3 spell: Dazzling Flash
  2329 | D:3      | Noticed Grinder
  2410 | D:3      | Found a transporter.
  2410 | D:3      | Noticed a wyvern
  2418 | D:3      | Found a stormy altar of Qazlal.
  2448 | D:3      | Found an iron altar of Okawaru.
  2872 | D:3      | Reached XP level 5. HP: 40/40 MP: 8/8
  2873 | D:3      | Noticed Ijyb
  3041 | D:3      | Found a transporter.
  3135 | D:3      | Found a glowing golden altar of the Shining One.
  3288 | D:3      | Killed Ijyb
  3666 | D:4      | Found a staircase to the Ecumenical Temple.
  3705 | D:4      | Reached skill level 1 in Hexes
  3817 | D:4      | Reached skill level 2 in Hexes
  4072 | D:5      | Entered Level 5 of the Dungeon
  4141 | D:5      | Noticed an ogre
  4149 | D:5      | Killed an ogre
  4149 | D:5      | Reached skill level 3 in Hexes
  4149 | D:5      | Reached XP level 6. HP: 48/48 MP: 4/9
  4510 | D:5      | Noticed an ice beast
  4523 | D:5      | Killed an ice beast
  4523 | D:5      | Reached skill level 4 in Hexes
  4858 | Temple   | Entered the Ecumenical Temple
  5028 | Temple   | Became a worshipper of Gozag Ym Sagoz the Greedy
  5280 | D:6      | Noticed a sky beast
  5301 | D:6      | Killed a sky beast
  5301 | D:6      | Reached skill level 5 in Hexes
  5301 | D:6      | Reached XP level 7. HP: 17/55 MP: 4/10
  5418 | D:6      | Learned a level 4 spell: Fulminant Prism
  5484 | D:6      | Reached skill level 5 in Fighting
  5604 | D:6      | Reached skill level 6 in Hexes
  5894 | D:6      | Reached skill level 7 in Hexes
  6032 | D:6      | Reached XP level 8. HP: 46/62 MP: 7/13
  6221 | D:6      | Reached skill level 8 in Hexes
  6636 | D:6      | Noticed Menkaure
  6646 | D:6      | Killed Menkaure
  6646 | D:6      | Reached skill level 5 in Spellcasting
  6820 | D:7      | Found Rior's Weapon Shoppe.
  6846 | D:7      | Reached skill level 5 in Conjurations
  6956 | D:7      | Found Asutaeki's Magic Scroll Shoppe.
  6971 | D:7      | Bought a scroll of blinking for 105 gold pieces
  6971 | D:7      | Bought a scroll of teleportation for 42 gold pieces
  7174 | D:7      | Found Diulae's Jewellery Shoppe.
  7185 | D:7      | Noticed a hippogriff
  7198 | D:7      | Killed a hippogriff
  7198 | D:7      | Reached skill level 9 in Hexes
  7198 | D:7      | Reached XP level 9. HP: 68/68 MP: 6/16
  7428 | D:7      | Noticed Joseph
  7517 | D:7      | Found Kaeps's Food Shop.
  7538 | D:7      | Found Ywkoereo's Assorted Antiques.
  7541 | D:7      | Bought a scroll labeled JOTUQI PIRCH for 24 gold pieces
  7593 | D:7      | Reached skill level 5 in Dodging
  7593 | D:7      | Reached skill level 10 in Hexes
  8024 | D:7      | Reached skill level 11 in Hexes
  8166 | D:7      | Found a shadowy altar of Dithmenos.
  8412 | D:7      | Killed Joseph
  8412 | D:7      | Reached skill level 12 in Hexes
  8707 | D:8      | Found a flagged portal.
  8726 | Bailey   | Entered a bailey
  8879 | Bailey   | Noticed an orc knight
  8998 | Bailey   | Killed an orc knight
  8998 | Bailey   | Reached skill level 13 in Hexes
  8998 | Bailey   | Reached XP level 10. HP: 76/76 MP: 17/17
  9189 | Bailey   | Noticed an orc knight
  9288 | Bailey   | Slain by an orc knight

Levels and vault maps discovered:
D:1:      dpeg_arrival_simpleton_c, layout_basic
D:2:      layout_basic, makhleb_blood_cavern_becter,
          nicolae_overflow_crystal_walls, moated_statue, uniq_terence
D:3:      kennysheep_goblin_castle, layout_loops_ring,
          nicolae_overflow_hidden_temple, gammafunk_temple_overflow_arena,
          okawaru_metal_pillars_1_2, uniq_grinder
D:4:      layout_rooms, minmay_temple_entry_from_below_a, first_ration
D:5:      layout_basic
D:6:      layout_loops_ring, kennysheep_generic_room_6, uniq_menkaure
D:7:      layout_loops_corners, grunt_dithmenos_smoke, serial_shops,
          nicolae_shop_stone, shop, nicolae_shop_window_shopping,
          nicolae_shop_behind_doors, shop, uniq_joseph
D:8:      layout_basic, enter_bailey_7
Temple:   eino_temple_rhombus
Bailey:   bailey_polearm_1, bailey

Skill      XL: |  1  2  3  4  5  6  7  8  9 10 |
---------------+-------------------------------+-----
Conjurations   | 3 4 5 |  5.0
Fighting       | 1 2 4 5 6 |  6.3
Hexes          | 3 5 7 9 13 | 13.5
Spellcasting   | 3 5 |  5.0
Dodging        | 4 5 |  5.0
Stealth        | |  3.0

Action                   |  1- 3 |  4- 6 |  7- 9 | 10-12 || total
-------------------------+-------+-------+-------+-------++-------
Melee: Bite              |     1 |       |    13 |     2 ||    16
       Short sword       |     1 |       |       |       ||     1
       Dagger            |       |    11 |   152 |     6 ||   169
 Fire: Hunting sling     |       |    81 |    84 |    26 ||   191
Throw: Dart              |       |     2 |       |     8 ||    10
 Cast: Magic Dart        |    60 |    56 |    67 |     3 ||   186
       Searing Ray       |     4 |     7 |     6 |       ||    17
       Dazzling Flash    |       |     5 |    20 |     5 ||    30
       Fulminant Prism   |       |       |    13 |     3 ||    16
  Use: Scroll            |     1 |     7 |     2 |     5 ||    15
       Potion            |       |       |     3 |       ||     3
 Stab: Invisible         |       |     2 |     8 |       ||    10
       Sleeping          |       |       |     1 |       ||     1
Armor: Robe              |       |     6 |       |       ||     6
       Leather armour    |       |    12 |    63 |       ||    75
Dodge: Dodged            |    11 |    58 |   127 |     7 ||   203

Table legend:
 A = Non-vault XP
 B = Vault XP
 C = Vault XP percentage of total XP
 D = Non-vault monster count
 E = Vault monster count
 F = Vault count percentage of total count
                 A         B        C        D         E       F
            +---------+---------+-------+---------+---------+-------
      Total |    4012 |    2381 |  37.2 |     110 |      34 |  23.6
            +---------+---------+-------+---------+---------+-------
        D:1 |      12 |       0 |   0.0 |       8 |       0 |   0.0
        D:2 |      79 |      78 |  49.7 |      22 |       2 |   8.3
        D:3 |      15 |      57 |  79.2 |       9 |      11 |  55.0
        D:4 |      92 |       0 |   0.0 |       3 |       0 |   0.0
        D:5 |     291 |       0 |   0.0 |       5 |       0 |   0.0
        D:6 |    1434 |     165 |  10.3 |      26 |       1 |   3.7
        D:7 |    1906 |     481 |  20.2 |      35 |       1 |   2.8
        D:8 |     183 |      32 |  14.9 |       2 |       4 |  66.7
     Bailey |       0 |    1568 | 100.0 |       0 |      15 | 100.0
            +---------+---------+-------+---------+---------+-------
